 Dungeon Crawl Stone Soup version 0.21.0-30-g47ce8e4 (webtiles) character file.

196336 Moloch the Scorcher (level 18, 0/96 HPs)
             Began as an Octopode Wizard on Jan 28, 2018.
             Was the Champion of Vehumet.
             Killed from afar by a deep elf mage (22 damage)
             ... with a bolt of lightning
             ... on level 2 of the Elven Halls.
             The game lasted 02:09:06 (31860 turns).

Moloch the Scorcher (Octopode Wizard)              Turns: 31860, Time: 02:09:08

Health: 0/96       AC:  3    Str:  3    XL:     18   Next: 37%
Magic:  28/71      EV: 14    Int: 27    God:    Vehumet [******]
Gold:   2124       SH:  0    Dex: 18    Spells: 12/49 levels left

rFire    + + .     SeeInvis +   Z - staff of power
rCold    . . .     Gourm    .   (no shield)
rNeg     . . .     Faith    .   O - +2 hat {MR+}
rPois    +         Spirit   .   R - amulet of magic regeneration
rElec    .         Reflect  .   Y - ring of magical power
rCorr    +         Harm     .   n - ring of poison resistance
MR       ++...                  y - ring of resist corrosion
Stlth    +++.......             N - ring of fire
HPRegen  0.26/turn              E - ring "Ogro Usm" {rF+ rC- MP+9 Str-5 Dex+8}
MPRegen  0.67/turn              V - ring of protection from cold
                                W - ring of protection from cold
                                X - ring of see invisible

@: no status effects
A: almost no armour, stealthy swim, amphibious, 8 rings, constrict 8, camouflage
1, gelatinous body 1
}: 1/15 runes: decaying
a: Renounce Religion


You were on level 2 of the Elven Halls.
You worshipped Vehumet.
Vehumet was exalted by your worship.
You were near starving.

You visited 6 branches of the dungeon, and saw 30 of its levels.
You also visited: Labyrinth, Ossuary and Volcano.

You collected 3414 gold pieces.
You spent 1290 gold pieces at shops.

Inventory:

Hand Weapons
 s - the +5 war axe "Geostrus" {flame, rF+}
   (You found it on level 6 of the Dungeon)

   It has been specially enchanted to burn those struck by it, causing extra
   injury to most foes and up to half again as much damage against particularly
   susceptible opponents.
   Big, fiery blades are also staple armaments of hydra-hunters.
   It protects you from fire.
Armour
 v - a +0 buckler
 O - a +2 hat of magic resistance (worn)
Magical Staves
 G - an uncursed staff of conjuration
 Z - an uncursed staff of power (weapon)
Jewellery
 f - an uncursed ring of ice
 l - an uncursed amulet of regeneration
 n - a ring of poison resistance (right tentacle)
 y - a ring of resist corrosion (on tentacle)
 E - the ring "Ogro Usm" (on tentacle) {rF+ rC- MP+9 Str-5 Dex+8}
   (You took it off a minotaur in a labyrinth)

   [ring of protection from fire]

   It affects your strength (-5).
   It affects your dexterity (+8).
   It protects you from fire.
   It makes you vulnerable to cold.
   It affects your magic capacity (+9).
 N - a ring of fire (on tentacle)
 R - an amulet of magic regeneration (around mantle)
 S - the ring "Pyuj" {rCorr +Blink rElec MR- Dex+5}
   (You found it in a labyrinth)

   [ring of resist corrosion]

   It affects your dexterity (+5).
   It insulates you from electricity.
   It affects your resistance to hostile enchantments.
   It lets you blink.
 V - a ring of protection from cold (on tentacle)
 W - a ring of protection from cold (on tentacle)
 X - a ring of see invisible (on tentacle)
 Y - a ring of magical power (left tentacle)
Wands
 o - a wand of iceblast (5)
 K - a wand of acid (5)
 M - a wand of digging (8)
 T - a wand of scattershot (8)
Scrolls
 g - 2 scrolls of magic mapping
 i - 13 scrolls of identify
 j - 10 scrolls of teleportation
 k - 3 scrolls of amnesia
 q - 5 scrolls of enchant armour
 w - a scroll of torment
 x - 14 scrolls of remove curse
 z - a scroll of brand weapon
 B - 2 scrolls of fog
 D - 6 scrolls of blinking
 H - 3 scrolls of fear
 J - 2 scrolls of enchant weapon
 L - 2 scrolls of summoning
Potions
 a - a potion of might
 b - a potion of ambrosia
 d - 3 potions of heal wounds
 e - 5 potions of mutation
 m - 8 potions of agility
 p - 10 potions of haste
 r - 16 potions of curing
 t - a potion of cancellation
 u - a potion of resistance
 A - 5 potions of flight
 C - 4 potions of berserk rage
 F - 4 potions of brilliance
Books
 U - a book of Power

   Spells                             Type                      Level
   a - Iskenderun's Battlesphere      Conjuration/Charms           5
   b - Venom Bolt                     Conjuration/Poison           5
   c - Bolt of Magma                  Conjuration/Fire/Earth       5
   d - Iron Shot                      Conjuration/Earth            6
   e - Orb of Destruction             Conjuration                  7
   f - Spellforged Servitor           Conjuration/Summoning        7
Miscellaneous
 P - a phial of floods
Comestibles
 c - 51 rations


   Skills:
 - Level 2.0 Dodging
 - Level 2.6 Stealth
 + Level 16.2 Spellcasting
 + Level 16.2 Conjurations
 - Level 1.0 Summonings
 - Level 1.0 Translocations
 - Level 19.9 Fire Magic
 * Level 2.7 Earth Magic


You had 12 spell levels left.
You knew the following spells:

 Your Spells              Type           Power        Failure   Level  Hunger
a - Orb of Destruction    Conj           #######...   1%          7    #####..
b - Blink                 Tloc           N/A          2%          2    None
f - Iron Shot             Conj/Erth      ######....   1%          6    ###....
h - Fireball              Conj/Fire      ########..   1%          5    None
j - Sublimation of Blood  Necr           ###.......   3%          2    None
k - Bolt of Magma         Conj/Fire/Erth #######...   1%          5    None
l - Spellforged Servitor  Conj/Summ      ######....   14%         7    #####..
m - Regeneration          Chrm/Necr      ###.......   7%          3    None


Dungeon Overview and Level Annotations

Branches:
Dungeon (15/15)            Temple (1/1) D:4            Lair (6/6) D:10
  Swamp (4/4) Lair:4       Spider (0/4) Lair:3        Slime (0/5) Lair:6
    Orc (2/2) D:12            Elf (2/3) Orc:2        Vaults (0/5) D:14
 Depths (0/5) D:15

Altars:
Ashenzari
Cheibriados
Elyvilon
Fedhas
Gozag
Hepliaklqana
Kikubaaqudgha
Makhleb
Nemelex Xobeh
Okawaru
Qazlal
Ru
Sif Muna
Trog
Vehumet
Wu Jian
Xom
Zin
The Shining One

Shops:
Orc:2 [?=%   Elf:1 %

Annotations:
Lair:2 exclusion: downstairs
Swamp:2 exclusion: 2 downstairs


Innate Abilities, Weirdness & Mutations

You cannot wear most types of armour.
You are very stealthy in the water. (Stealth+)
You are amphibious.
You can wear up to eight rings at the same time.
You can use your tentacles to constrict eight enemies at once.
Your skin changes colour to match your surroundings (Stealth+).
Your rubbery body absorbs attacks. (AC +1, EV +1)


Message History

You kill the deep elf mage!
Vehumet accepts your kill.
You feel your power returning.
The sixfirhy disappears in a puff of smoke!
You hear a shout! x2
Unknown command.
Unknown command.
Unknown command.
Unknown command.
Casting: Fireball
Confirm with . or Enter, or press ? or * to list all spells.
Aiming: Orb of Destruction
Press: ? - help, Shift-Dir - straight line, f/p - flail of holy wrath
Aim: a flail of holy wrath (moderately damaged)
The wavering orb of destruction weakly hits the flail of holy wrath.
The flail of holy wrath falls from the air.
Vehumet accepts your kill.
The deep elf mage gestures at you while chanting.
The bolt of lightning hits you!
You die...

.......#
...................#
....................#
..............#.....#
.............# #....#
.............# ....#
#..)........# #e..#
##..........## ##)..#
#.......)....###@)..#
..............#.....#
)...............%%.##
.##...##...##......#
####.####.####..%###
# ### ### #####


You could see a deep elf mage.

Vanquished Creatures
  Mara (Swamp:4)
  Nikola (Swamp:4)
  Jorgrun (Swamp:4)
  2 thorn hunters
  Gastronok (Lair:2)
  Donald (Swamp:1)
  A deep elf sorcerer (Elf:1)
  A deep elf annihilator (Elf:1)
  Nessos (Orc:2)
  3 minotaurs
  Erolcha (D:13)
  28 hydras
  4 centaur warriors
  7 two-headed ogres
  An ogre mage (D:14)
  19 dancing weapons
  2 death knights (D:15)
  6 alligators
  A tengu warrior (D:15)
  4 death yaks (D:14)
  3 spriggan berserkers (Swamp:4)
  An orc high priest (Orc:2)
  7 deep elf knights
  A skeletal warrior (D:15)
  2 unseen horrors
  4 spriggan druids
  A shambling mangrove (Swamp:3)
  12 swamp dragons
  8 wizards
  A phantasmal warrior (D:15)
  An orc knight (D:15)
  A deep elf archer (Elf:2)
  2 lindwurms (Lair:6)
  5 orc sorcerers
  28 deep elf magi
  4 ugly things
  2 oklob plants (Lair:1)
  2 centaur zombies
  7 black mambas
  5 toenail golems (Volcano)
  6 torpor snails (Lair:6)
  A water nymph (shapeshifter) (D:15)
  6 elephants (Lair:6)
  3 gargoyles
  17 spiny frogs
  2 centaur skeletons
  A rime drake (Lair:4)
  A freezing wraith (D:15)
  11 komodo dragons
  9 yaktaurs (D:14)
  A kobold demonologist (D:13)
  A queen bee (shapeshifter) (D:15)
  4 trolls
  3 meliai (D:15)
  A wind drake (shapeshifter) (D:15)
  A queen bee (Lair:2)
  14 tyrant leeches
  A polar bear (Lair:6)
  18 bog bodies
  11 blink frogs
  A blink frog (shapeshifter) (D:13)
  8 hippogriffs
  A hippogriff (shapeshifter) (D:15)
  32 slime creatures
  23 hornets
  4 dream sheep (Lair:5)
  7 shadows
  7 spriggans
  An air elemental (Elf:1)
  A redback (Lab)
  A wyvern (D:13)
  Sigmund (D:5)
  A basilisk (shapeshifter) (D:15)
  2 wraiths (D:15)
  A hog (shapeshifter) (D:15)
  9 basilisks
  4 hungry ghosts
  A steam dragon (D:12)
  55 yaks
  3 water elementals
  Eustachio (D:5)
  16 vampire mosquitoes
  4 wargs
  12 insubstantial wisps
  23 swamp worms
  An acid dragon (D:15)
  9 porcupines
  17 water moccasins
  15 swamp drakes
  19 orc warriors
  2 ice beasts
  3 phantoms
  A necrophage (D:7)
  2 sky beasts
  11 ogres
  3 eyes of draining
  6 boggarts (D:15)
  12 wolves
  6 centaurs
  A big kobold (D:10)
  22 crocodiles
  Blork the orc (D:4)
  29 bullfrogs
  An earth elemental (Elf:1)
  A wyvern skeleton (D:6)
  3 scorpions
  13 killer bees (Lair:2)
  7 electric eels
  2 howler monkeys
  3 crimson imps
  A bullfrog zombie (D:10)
  11 hounds
  A quasit (D:6)
  17 orc priests
  4 jellies
  34 orc wizards
  5 iguanas
  12 worker ants
  2 killer bee zombies
  2 big kobold zombies (Ossuary)
  8 mummies (Ossuary)
  2 worker ant zombies
  17 gnolls
  9 adders
  A river rat (Lair:4)
  A shadow imp (D:13)
  An ooze (D:2)
  2 adder zombies
  An adder skeleton (D:6)
  4 worms
  2 dart slugs
  6 leopard geckos
  71 orcs
  3 ball pythons
  8 bats
  9 giant cockroaches
  A gnoll zombie (Ossuary)
  8 hobgoblins
  12 jackals
  4 kobolds
  5 quokkas
  3 frilled lizards
  5 goblins
  2 hobgoblin zombies (Ossuary)
  A leopard gecko zombie (D:6)
  3 orc zombies (Ossuary)
  8 rats
  5 briar patches (Swamp:1)
  6 fungi
  8 plants
1009 creatures vanquished.

Vanquished Creatures (collateral kills)
  2 killer bees (Lair:2)
  An adder (D:2)
  A frilled lizard (D:2)
4 creatures vanquished.

Vanquished Creatures (others)
  33 fungi
  11 plants
44 creatures vanquished.

Grand Total: 1057 creatures vanquished

Notes
Turn   | Place    | Note
-------+----------+-------------------------------------------
     0 | D:1      | Moloch the Octopode Wizard began the quest for the Orb.
     0 | D:1      | Reached XP level 1. HP: 11/11 MP: 4/4
   313 | D:1      | Reached XP level 2. HP: 16/17 MP: 0/6
   356 | D:1      | Learned a level 2 spell: Blink
   359 | D:1      | Learned a level 2 spell: Call Imp
  1019 | D:2      | Reached XP level 3. HP: 21/21 MP: 3/7
  1062 | D:2      | Learned a level 3 spell: Mephitic Cloud
  1913 | D:2      | Reached XP level 4. HP: 25/27 MP: 2/8
  2172 | D:2      | Found an opulent altar of Gozag.
  2173 | D:2      | Found a glowing silver altar of Zin.
  2607 | D:3      | Reached XP level 5. HP: 14/31 MP: 6/10
  2688 | D:3      | Found a shimmering altar of Xom.
  2690 | D:3      | Found a shimmering altar of Xom.
  2690 | D:3      | Found a shimmering altar of Xom.
  2694 | D:3      | Found a shimmering altar of Xom.
  2796 | D:3      | Found a blossoming altar of Fedhas.
  3227 | D:4      | Learned a level 3 spell: Conjure Flame
  3340 | D:4      | Found a staircase to the Ecumenical Temple.
  3349 | Temple   | Entered the Ecumenical Temple
  3359 | Temple   | Became a worshipper of Vehumet
  3492 | D:4      | Reached skill level 1 in Fire Magic
  3795 | D:5      | Entered Level 5 of the Dungeon
  3801 | D:5      | Reached XP level 6. HP: 36/36 MP: 5/11
  3811 | D:5      | Identified Sif Muna's Grimoire of Entrancing Transmigration
  3883 | D:5      | Found an ancient bone altar of Kikubaaqudgha.
  3895 | D:4      | Reached skill level 2 in Fire Magic
  3930 | D:5      | Noticed Eustachio
  3949 | D:5      | Noticed Blork the orc
  3950 | D:5      | Killed Eustachio
  3950 | D:5      | Reached skill level 3 in Fire Magic
  3964 | D:4      | Killed Blork the orc
  3964 | D:4      | Reached skill level 4 in Fire Magic
  3964 | D:4      | Reached XP level 7. HP: 28/41 MP: 2/12
  4109 | D:5      | Learned a level 1 spell: Flame Tongue
  4143 | D:5      | Noticed Sigmund
  4155 | D:5      | Killed Sigmund
  4155 | D:5      | Reached skill level 5 in Conjurations
  4235 | D:5      | Reached skill level 5 in Fire Magic
  4371 | D:4      | Reached XP level 8. HP: 46/46 MP: 11/15
  4394 | D:5      | Learned a level 4 spell: Sticky Flame
  4726 | D:6      | Found a sand-covered staircase.
  4731 | Ossuary  | Entered an ossuary
  4890 | Ossuary  | Reached * piety under Vehumet
  4890 | Ossuary  | Offered knowledge of Sting by Vehumet.
  5075 | Ossuary  | Reached skill level 5 in Spellcasting
  5532 | D:6      | Reached skill level 6 in Fire Magic
  5565 | D:6      | Offered knowledge of Throw Frost by Vehumet.
  5611 | D:6      | Reached ** piety under Vehumet
  5663 | D:6      | Got a transparent war axe
  5667 | D:6      | Identified the +5 war axe "Geostrus" {flame, rF+} (You found it on level 6 of the Dungeon)
  5724 | D:6      | Found a sparkling altar of Nemelex Xobeh.
  6010 | D:6      | Reached XP level 9. HP: 37/51 MP: 6/17
  6243 | D:7      | Reached skill level 7 in Fire Magic
  6816 | D:7      | Reached skill level 8 in Fire Magic
  7001 | D:7      | Noticed a hornet
  7006 | D:7      | Killed a hornet
  7203 | D:7      | Found a glowing golden altar of the Shining One.
  7214 | D:7      | Learned a level 5 spell: Fireball
  7353 | D:8      | Offered knowledge of Ignite Poison by Vehumet.
  7937 | D:8      | Found a burning altar of Makhleb.
  7966 | D:9      | Noticed a two-headed ogre
  7979 | D:9      | Reached XP level 10. HP: 51/56 MP: 10/20
  7981 | D:9      | Noticed a two-headed ogre
  8048 | D:9      | Killed a two-headed ogre
  8048 | D:9      | Reached *** piety under Vehumet
  8048 | D:9      | Reached skill level 9 in Fire Magic
  8056 | D:9      | Killed a two-headed ogre
  8168 | D:9      | Found a white marble altar of Elyvilon.
  8271 | D:9      | Learned a level 3 spell: Ignite Poison
  8656 | D:10     | Entered Level 10 of the Dungeon
  8896 | D:10     | Offered knowledge of Force Lance by Vehumet.
  9181 | D:10     | Noticed a two-headed ogre
  9194 | D:10     | Killed a two-headed ogre
  9194 | D:10     | Reached skill level 10 in Fire Magic
  9491 | D:10     | Found a staircase to the Lair.
  9597 | D:10     | Reached XP level 11. HP: 53/61 MP: 9/23
 10651 | D:11     | Reached **** piety under Vehumet
 10746 | D:11     | Offered knowledge of Lee's Rapid Deconstruction by Vehumet.
 11087 | D:12     | Reached skill level 11 in Fire Magic
 11089 | D:12     | Noticed an unseen horror
 11093 | D:12     | Killed an unseen horror
 11214 | D:12     | Noticed a red ugly thing
 11252 | Lair:1   | Entered Level 1 of the Lair of Beasts
 12002 | Lair:1   | Reached skill level 10 in Conjurations
 12584 | Lair:1   | Noticed an oklob plant
 12693 | Lair:1   | Killed an oklob plant
 12693 | Lair:1   | Reached skill level 10 in Spellcasting
 12695 | Lair:1   | Noticed an oklob plant
 12753 | Lair:1   | Killed an oklob plant
 12858 | Lair:2   | Reached skill level 12 in Fire Magic
 12858 | Lair:2   | Reached XP level 12. HP: 66/66 MP: 16/26
 13081 | Lair:2   | Noticed a four-headed hydra
 13085 | Lair:2   | Killed a four-headed hydra
 13196 | Lair:2   | Noticed Gastronok
 13712 | Lair:2   | Killed Gastronok
 13757 | Lair:2   | Reached skill level 13 in Fire Magic
 14695 | Lair:3   | Reached ***** piety under Vehumet
 14787 | Lair:3   | Found a hole to the Spider Nest.
 15179 | Lair:3   | Found the +8 frozen axe "Frostbite" {freezing cloud, *Noise +Fly rC+}
 15224 | Lair:3   | Offered knowledge of Bolt of Magma by Vehumet.
 15338 | Lair:3   | Reached XP level 13. HP: 71/71 MP: 21/28
 15853 | Lair:4   | Found a labyrinth entrance.
 15863 | Lab      | Entered a labyrinth
 16400 | Lab      | Noticed a minotaur
 16420 | Lab      | Killed a minotaur
 16423 | Lab      | Got an ancient jade ring
 16425 | Lab      | Identified the ring "Ogro Usm" {rF+ rC- MP+9 Str-5 Dex+8} (You took it off a minotaur in a labyrinth)
 16546 | Lab      | Got a scintillating amber ring
 16550 | Lab      | Learned a level 2 spell: Sublimation of Blood
 16551 | Lab      | Identified the ring "Pyuj" {rCorr +Blink rElec MR- Dex+5} (You found it in a labyrinth)
 16773 | Lair:4   | Reached skill level 14 in Fire Magic
 16822 | Lair:4   | Found a staircase to the Swamp.
 18289 | Lair:6   | Entered Level 6 of the Lair of Beasts
 18387 | Lair:6   | Reached XP level 14. HP: 76/76 MP: 16/30
 18397 | Lair:6   | Reached skill level 15 in Fire Magic
 18742 | Lair:6   | Learned a level 5 spell: Bolt of Magma
 18887 | Lair:6   | Found a staircase to the Slime Pits.
 19459 | Lair:6   | Found a runed door.
 20006 | D:12     | Found a glowing golden altar of the Shining One.
 20010 | D:12     | Reached ****** piety under Vehumet
 20325 | D:12     | Found a staircase to the Orcish Mines.
 20342 | Orc:1    | Entered Level 1 of the Orcish Mines
 20608 | Orc:1    | Found a dark tunnel.
 20611 | Volcano  | Entered a volcano
 20618 | Volcano  | Offered knowledge of Throw Icicle by Vehumet.
 21200 | Orc:1    | Reached skill level 16 in Fire Magic
 21316 | Orc:2    | Entered Level 2 of the Orcish Mines
 21328 | Orc:2    | Noticed Nessos
 21329 | Orc:2    | Killed Nessos
 21541 | Orc:2    | Found a staircase to the Elven Halls.
 21896 | Orc:2    | Offered knowledge of Iskenderun's Battlesphere by Vehumet.
 21971 | Orc:2    | Reached XP level 15. HP: 81/81 MP: 14/32
 22160 | Orc:2    | Found Rebaehass's Magic Scroll Shoppe.
 22160 | Orc:2    | Found Jigiopn's Antique Armour Shoppe.
 22163 | Orc:2    | Found Tenuyf's Jewellery Emporium.
 22165 | Orc:2    | Found Enaneerch's Food Emporium.
 22169 | Orc:2    | Bought an uncursed ring of protection from cold for 350 gold pieces
 22169 | Orc:2    | Bought an uncursed ring of protection from cold for 350 gold pieces
 22169 | Orc:2    | Bought an uncursed ring of see invisible for 210 gold pieces
 22169 | Orc:2    | Bought an uncursed ring of magical power for 280 gold pieces
 22182 | Orc:2    | Bought a scroll of magic mapping for 45 gold pieces
 22762 | D:13     | Noticed Erolcha
 22764 | D:13     | Killed Erolcha
 23289 | D:14     | Found an opulent altar of Gozag.
 23395 | D:14     | Offered knowledge of Poison Arrow by Vehumet.
 23887 | D:14     | Reached skill level 17 in Fire Magic
 24089 | D:14     | Found a gate to the Vaults.
 24376 | D:14     | Learned a level 7 spell: Spellforged Servitor
 24384 | D:14     | Learned a level 3 spell: Regeneration
 24411 | D:14     | Learned a level 7 spell: Orb of Destruction
 24453 | D:15     | Entered Level 15 of the Dungeon
 24980 | D:15     | Found a bloodstained altar of Trog.
 25013 | D:15     | Offered knowledge of Bolt of Cold by Vehumet.
 25584 | D:15     | Paralysed by a wizard for 6 turns
 25591 | D:15     | Reached XP level 16. HP: 58/86 MP: 34/34
 25839 | D:15     | Found a staircase to the Depths.
 26052 | Swamp:1  | Entered Level 1 of the Swamp
 26119 | Swamp:1  | Noticed a thorn hunter
 26121 | Swamp:1  | Killed a thorn hunter
 26130 | Swamp:1  | Noticed Donald
 26134 | Swamp:1  | Killed Donald
 26262 | Swamp:1  | Reached skill level 18 in Fire Magic
 26479 | Swamp:1  | Identified a scroll of acquirement
 27346 | Swamp:2  | Offered knowledge of Ozocubu's Refrigeration by Vehumet.
 28305 | Swamp:3  | Noticed a thorn hunter
 28307 | Swamp:3  | Killed a thorn hunter
 28459 | Swamp:3  | Offered knowledge of Conjure Ball Lightning by Vehumet.
 28745 | Swamp:3  | Reached skill level 15 in Conjurations
 28845 | Swamp:4  | Entered Level 4 of the Swamp
 28845 | Swamp:4  | Noticed Nikola
 28860 | Swamp:4  | Killed Nikola
 28860 | Swamp:4  | Reached XP level 17. HP: 64/90 MP: 35/35
 28882 | Swamp:3  | Reached skill level 15 in Spellcasting
 28973 | Swamp:4  | Reached skill level 19 in Fire Magic
 29222 | Swamp:4  | Noticed Jorgrun
 29227 | Swamp:4  | Killed Jorgrun
 29613 | Swamp:4  | Noticed Mara
 29637 | Swamp:4  | Killed Mara
 29714 | Swamp:4  | Got a decaying rune of Zot
 29944 | Swamp:4  | Upgraded the game from 0.21.0-26-g889b8f6 to 0.21.0-30-g47ce8e4
 30265 | Elf:1    | Entered Level 1 of the Elven Halls
 30581 | Elf:1    | Offered knowledge of Lehudib's Crystal Spear by Vehumet.
 30581 | Elf:1    | Offered knowledge of Chain Lightning by Vehumet.
 30581 | Elf:1    | Offered knowledge of Ignition by Vehumet.
 30591 | Elf:1    | Learned a level 6 spell: Iron Shot
 30629 | Elf:1    | Identified the Papyrus of Attacks and the Volcanoes (You acquired it on level 1 of the Elven Halls)
 30745 | Elf:1    | Found Ujupa's Food Emporium.
 30765 | Elf:1    | Bought a ration for 55 gold pieces
 30827 | Elf:1    | Reached XP level 18. HP: 59/96 MP: 37/37
 31476 | Elf:2    | Reached skill level 1 in Earth Magic
 31860 | Elf:2    | Killed from afar by a deep elf mage

Skill      XL: |  1  2  3  4  5  6  7  8  9 10 11 12 13 14 15 16 17 18 |
---------------+-------------------------------------------------------+-----
Conjurations   | 2 3 4 5 6 7 9 10 11 12 13 14 15 16 | 16.2
Fire Magic     | 1 4 5 6 8 10 12 13 14 16 17 18 19 | 19.9
Spellcasting   | 4 5 7 8 10 11 12 13 14 15 16 | 16.2
Earth Magic    | 2 |  2.7
Dodging        | |  2.0
Stealth        | |  2.6
Summonings     | |  1.0
Translocations | |  1.0

Action                   |  1- 3 |  4- 6 |  7- 9 | 10-12 | 13-15 | 16-18 || total
-------------------------+-------+-------+-------+-------+-------+-------++-------
Melee: Unarmed           |    26 |    18 |       |       |       |       ||    44
       Constrict         |     4 |    15 |    16 |     4 |     1 |       ||    40
       Tentacles         |     4 |     7 |     8 |     2 |     2 |     1 ||    24
       Whip              |       |    48 |    53 |       |       |       ||   101
       War axe           |       |       |    22 |    15 |    21 |       ||    58
       Staff             |       |       |       |       |       |     7 ||     7
 Cast: Magic Dart        |    87 |    76 |    10 |     6 |       |       ||   179
       Call Imp          |     6 |     1 |       |       |       |       ||     7
       Mephitic Cloud    |       |     3 |    22 |    31 |     1 |       ||    57
       Flame Tongue      |       |       |   235 |   221 |    25 |       ||   481
       Conjure Flame     |       |       |     9 |    23 |     8 |       ||    40
       Sticky Flame      |       |       |     5 |    35 |    14 |       ||    54
       Ignite Poison     |       |       |       |     6 |       |       ||     6
       Blink             |       |       |       |     2 |     4 |     2 ||     8
       Fireball          |       |       |       |   107 |   382 |   311 ||   800
       Bolt of Magma     |       |       |       |       |   102 |    96 ||   198
       Sublimation of Bl |       |       |       |       |     1 |     2 ||     3
       Orb of Destructio |       |       |       |       |     5 |    41 ||    46
       Regeneration      |       |       |       |       |     1 |    10 ||    11
Evoke: Wand              |       |       |       |     8 |     7 |     5 ||    20
  Use: Scroll            |       |    10 |     1 |     7 |    15 |    11 ||    44
       Potion            |       |       |       |       |     1 |     2 ||     3
 Stab: Confused          |       |     1 |     5 |     1 |       |       ||     7
       Sleeping          |       |       |     3 |       |       |       ||     3
       Paralysed         |       |       |       |     2 |       |       ||     2
  Eat: Chunk             |     4 |     8 |    14 |    30 |    50 |    22 ||   128
       Ration            |       |       |       |     3 |     5 |     4 ||    12
Armor: Skin              |     5 |     5 |     9 |       |     2 |     4 ||    25
Dodge: Dodged            |    45 |    40 |    52 |    68 |    36 |    27 ||   268
